 Dungeon Crawl Stone Soup version 0.31-a0-102-g33a4ccc0cb (webtiles) character file.

Game seed: 8485049869791215754

44 mopl the Vexing (level 3, -1/20 HPs)
             Began as a Deep Elf Enchanter on May 26, 2023.
             Slain by a giant cockroach (2 damage)
             ... on level 2 of the Dungeon.
             The game lasted 00:01:41 (1170 turns).

mopl the Vexing (Deep Elf Enchanter)                Turns: 1170, Time: 00:01:42

Health: -1/20      AC:  3    Str:  7    XL:     3   Next: 39%
Magic:  0/10       EV: 10    Int: 19    God:
Gold:   145        SH:  0    Dex: 21    Spells: 1/9 levels left

rFire   . . .        a - +1 dagger
rCold   . . .        (no shield)
rNeg    . . .        b - +0 robe
rPois   .            (no helmet)
rElec   .            (no cloak)
rCorr   .            f - +0 pair of gloves
SInv    .            (no boots)
Will    .....        (no amulet)
Stlth   +++          m - +6 ring of dexterity
HPRegen 0.23/turn    (no ring)
MPRegen 0.12/turn

%: no passive effects
@: very slightly contaminated, constricted
A: no striking features
a: no special abilities


You were on level 2 of the Dungeon.
You visited 1 branch of the dungeon, and saw 2 of its levels.

You collected 145 gold pieces.

Inventory:

Hand Weapons
 a - a +1 dagger (weapon)
Armour
 b - a +0 robe (worn)
 f - a +0 pair of gloves (worn)
Jewellery
 m - a +6 ring of dexterity (left hand)
Scrolls
 e - a scroll of poison {unknown}
 g - a scroll of noise {unknown}
 j - a scroll of amnesia {unknown}
 k - a scroll of enchant armour {unknown}
 n - a scroll of identify {unknown}
Potions
 c - 4 potions of invisibility
 d - a potion of curing {unknown}
 h - a potion of haste {unknown}
 i - 2 potions of enlightenment {unknown}
 l - 2 potions of attraction {unknown}


   Skills:
 + Level 0.8 Fighting
 + Level 1.7 Short Blades
 - Level 2.4 Dodging
 + Level 4.1 Stealth
 + Level 3.5 Spellcasting
 + Level 4.5 Hexes


You had one spell level left.
You knew the following spells:

 Your Spells              Type           Power      Damage    Failure   Level
b - Ensorcelled Hibernat  Hex/Ice        20%        N/A       11%         2
c - Confusing Touch       Hex            20%        N/A       7%          3
d - Tukima's Dance        Hex            20%        N/A       7%          3

Your spell library contained the following spells:

 Spells                   Type           Power      Damage    Failure   Level
 Summon Small Mammal      Summ           12%        N/A       14%         1
 Dazzling Flash           Conj/Hex       20%        N/A       21%         3
 Summon Guardian Golem    Hex/Summ       10%        N/A       21%         3
 Call Canine Familiar     Summ           3%         N/A       41%         3


Dungeon Overview and Level Annotations

Branches:
Dungeon (2/15)

Altars:


Message History

Confirm with . or Enter, or press ? or * to list all spells.
Aiming: Ensorcelled Hibernation (safe; 11% risk of failure)
Press: ? - help, Shift-Dir - straight line, f/p - adder
Aim: an adder (heavily wounded, chance to affect: 52%)
The adder resists with significant effort.
The ball python bites you but does no damage.
The ball python constricts you. The adder bites you but does no damage.
The giant cockroach closely misses you.
You escape the ball python's grasp.
The adder attacks as you move away! The adder closely misses you.
The giant cockroach attacks as you move away!
The giant cockroach barely misses you. The adder bites you but does no damage.
Casting: Ensorcelled Hibernation (safe; 11% risk of failure)
Confirm with . or Enter, or press ? or * to list all spells.
Aiming: Ensorcelled Hibernation (safe; 11% risk of failure)
Press: ? - help, Shift-Dir - straight line, f/p - adder
Aim: an adder (heavily wounded, chance to affect: 52%)
The adder looks drowsy...
The giant cockroach closely misses you.
The ball python bites you but does no damage.
The ball python closely misses you.
The helpless adder fails to defend itself.
You impale the adder!!
You kill the adder!
The giant cockroach barely misses you. The ball python closely misses you.
The ball python grabs you. The ball python constricts you.
The giant cockroach bites you.
* * * LOW HITPOINT WARNING * * *
Casting: Ensorcelled Hibernation (safe; 11% risk of failure)
Confirm with . or Enter, or press ? or * to list all spells.
Aiming: Ensorcelled Hibernation (safe; 11% risk of failure)
Press: ? - help, Shift-Dir - straight line, f - giant cockroach
Aim: a giant cockroach (chance to affect: 62%)
The giant cockroach resists with significant effort.
The ball python bites you but does no damage.
The ball python constricts you.
The giant cockroach bites you but does no damage.
The ball python completely misses you. The ball python constricts you.
* * * LOW HITPOINT WARNING * * *
You closely miss the ball python. The giant cockroach bites you.
You die...

#...†)........###
##........#.##...###
#...........#..#?..###
##.#........##........###
#...........#............
#.#........##........#.#
#.###...#..#........[..#
##...###...##.#†S......#
#..#...###.#...B@......#
#........#####..).....##
...........#.###...#..#
........#.##...###...##
..........#..#...###.#
#........##........#.#
.........#...........#
.†......##....(...#.##
##...#..#.......^...#


You could see a giant cockroach and a ball python.

Vanquished Creatures
  An adder (D:2)
  4 bats
  6 endoplasms
  A goblin (D:1)
  A hobgoblin (D:1)
  4 jackals (D:2)
  3 kobolds
  6 ball pythons
  2 frilled lizards
  5 rats
33 creatures vanquished.

Notes
Turn   | Place    | Note
-------+----------+-------------------------------------------
     0 | D:1      | mopl the Deep Elf Enchanter began the quest for the Orb.
     0 | D:1      | Reached XP level 1. HP: 10/10 MP: 6/6
   238 | D:1      | Reached XP level 2. HP: 5/15 MP: 8/8
   285 | D:1      | Learned a level 2 spell: Ensorcelled Hibernation
  1043 | D:2      | Reached skill level 4 in Stealth
  1088 | D:2      | Reached XP level 3. HP: 14/20 MP: 9/9
  1092 | D:2      | Learned a level 3 spell: Confusing Touch
  1096 | D:2      | Learned a level 3 spell: Tukima's Dance
  1164 | D:2      | HP: 1/20 [giant cockroach (2)]
  1169 | D:2      | HP: 1/20 [constriction (1)]
  1170 | D:2      | Slain by a giant cockroach

Illustrated notes

Levels and vault maps discovered:
D:1:      saegor_arrival_simple_c, layout_basic
D:2:      minmay_skewed_foursquare, layout_loops_cross, dk_noncrumbling_2,
          uniq_crazy_yiuf_cottage

Skill      XL: |  1  2 |
---------------+-------+-----
Stealth        | 4 |  4.1
Fighting       | |  0.8
Short Blades   | |  1.7
Dodging        | |  2.4
Spellcasting   | |  3.5
Hexes          | |  4.5

Action                     || total
---------------------------++-------
  Melee: Dagger            ||   106
         Punch             ||     2
   Cast: Ensorcelled Hiber ||    11
   Stab: Sleeping          ||    15
 Armour: Robe              ||    31
  Dodge: Dodged            ||    96

Table legend: (Time is in decaauts)
 A = Elapsed time spent in this place.
 B = Non-inter-level travel time spent in this place.
 C = Inter-level travel time spent in this place.
 D = Time resting spent in this place.
 E = Time spent auto-exploring this place.
 F = Levels seen in this place.
 G = Mean time per level.
                   A        B        C        D        E       F      G
               +--------+--------+--------+--------+--------+-----+--------+
         Total |   1162 |   1129 |     33 |     80 |    772 |   2 |  581.0 |
       Dungeon |   1162 |   1129 |     33 |     80 |    772 |   2 |  581.0 |
               +--------+--------+--------+--------+--------+-----+--------+

Top non-repeatable levels by time:
     D:1: 836 daAuts
     D:2: 326 daAuts
